 Dungeon Crawl Stone Soup version 0.19-a0-1608-g4cf22de (webtiles) character file.

1926 4thArraOfDagon the Arsonist (level 8, 0/41 HPs)
             Began as a Deep Elf Fire Elementalist on Sept 17, 2016.
             Slain by an iguana (15 damage)
             ... on level 6 of the Dungeon.
             The game lasted 00:11:59 (1614 turns).

4thArraOfDagon the Arsonist (DEFE)                  Turns: 1614, Time: 00:11:59

Health: 0/41       AC:  9    Str:  5    XL:     8   Next: 96%
Magic:  3/20       EV: 13    Int: 29    God:
Gold:   143        SH:  0    Dex: 15    Spells: 4 memorised, 8 levels left

rFire  + . .     SeeInvis .     u - +1 flail (protect)
rCold  . . .     Gourm    .     C - +0 robe {rF+}
rNeg   . . .     Faith    .     (no shield)
rPois  .         Spirit   .     k - +1 helmet
rElec  .         Dismiss  .     (no cloak)
rCorr  .         Reflect  .     (no gloves)
MR     .....     Harm     .     (no boots)
Stlth  ++........               E - amulet of rage
                                p - +3 ring of intelligence
                                d - +3 ring of intelligence

@: no status effects
A: no striking features
a: Evoke Berserk Rage


You were on level 6 of the Dungeon.
You were not hungry.

You visited 1 branch of the dungeon, and saw 7 of its levels.
You also visited: Ossuary.

You collected 143 gold pieces.

Inventory:

Hand Weapons
 g - a +0 mace
 r - a +1 hand axe of electrocution
 u - a +1 flail of protection (weapon)
Missiles
 l - 7 throwing nets (quivered)
Armour
 a - a +0 robe
 k - a +1 helmet (worn)
 C - a +0 robe of fire resistance (worn)
Jewellery
 d - a +3 ring of intelligence (left hand)
 i - an uncursed ring of poison resistance
 p - a +3 ring of intelligence (right hand)
 q - an uncursed ring of wizardry {unknown}
 y - a cursed +3 ring of dexterity {unknown}
 B - an uncursed ring of stealth {unknown}
 E - an amulet of rage (around neck)
 F - an uncursed ring of ice {unknown}
Wands
 s - a wand of paralysis (14/24)
 w - a wand of flame (19/48)
 z - a wand of teleportation (4/9)
Scrolls
 j - a scroll of noise
Potions
 e - 3 potions of mutation {unknown}
 m - a potion of haste
 n - a potion of curing
 o - 2 potions of heal wounds
 t - a potion of flight {unknown}
 v - a potion of ambrosia {unknown}
 D - a potion of degeneration {unknown}
Books
 b - a book of Flames

   Spells                             Type                      Level
   a - Flame Tongue                   Conjuration/Fire             1
   b - Throw Flame                    Conjuration/Fire             2
   c - Conjure Flame                  Conjuration/Fire             3
   d - Inner Flame                    Hexes/Fire                   3
   e - Sticky Flame                   Conjuration/Fire             4
   f - Fireball                       Conjuration/Fire             5
Comestibles
 c - 2 bread rations
 f - 2 beef jerkies
 h - 2 slices of pizza
 x - 3 fruits
 A - 2 chunks of flesh


   Skills:
 - Level 2.4 Dodging
 - Level 2.4 Stealth
 + Level 7.2 Spellcasting
 * Level 8.2 Conjurations
 * Level 8.7 Fire Magic


You had 8 spell levels left.
You knew the following spells:

 Your Spells              Type           Power        Failure   Level  Hunger
a - Flame Tongue          Conj/Fire      #####        1%          1    None
b - Sticky Flame          Conj/Fire      ######..     1%          4    ##.....
c - Conjure Flame         Conj/Fire      ######..     1%          3    None
d - Fireball              Conj/Fire      ######....   6%          5    ####...


Dungeon Overview and Level Annotations

Branches:
Dungeon (7/15)
 Temple: D:4-7

Altars:
Dithmenos
Uskayaw


Message History

Unknown command.
The howler monkey hoots and howls with incredible vigour!
Things that are here:
a giant club; a jackal corpse The howler monkey hoots and howls with incredible vigour!
You hear an angry hiss.
You hear a shout!
You hear a bark! x2
You hear a shout!
You barely miss the howler monkey. The howler monkey closely misses you.
You barely miss the howler monkey.
The howler monkey hoots and howls with incredible vigour!
The howler monkey misses you.
You hear a shout!
You hear a bark!
You barely miss the howler monkey. The howler monkey barely misses you. x2
You hit the howler monkey but do no damage.
The iguana bites you.
The howler monkey hits you but does no damage.
The iguana bites you but does no damage.
The howler monkey hits you but does no damage.
You closely miss the howler monkey. The iguana bites you!
You die...

#.## #.##..(##..#.....
#...###.(..O..##.##....
#.......h............
#.....<..............
#........>........#h.
#......###.†.##...#..
#..h....###..###.....
##.l###).............
#..@.###....>.....#.
##.#h.##............
#.##..#............
#.###.#####.###.... #.#
#.# #....h... #.# #.#
#..##..#. #..
#.#####.#...... ##
#h#.......#.#.#
.....l.####.#.#


You could see a howler monkey, an iguana and a jackal.

Vanquished Creatures
  2 hill giants
  An ice beast (D:7)
  An ogre (D:6)
  A centaur (D:6)
  2 bullfrogs
  A water moccasin zombie (D:7)
  2 electric eels (D:7)
  2 howler monkeys (D:7)
  2 hounds
  An orc wizard (D:7)
  A centaur skeleton (D:4)
  An iguana (D:7)
  A bullfrog skeleton (D:7)
  3 worker ants (D:6)
  4 mummies (Ossuary)
  3 adders
  An adder skeleton (D:6)
  8 dart slugs (D:7)
  2 leopard geckos
  8 orcs
  A giant cockroach (D:4)
  A goblin (D:2)
  A hobgoblin (D:1)
  3 jackals
  3 quokkas
  A giant cockroach zombie (D:6)
  A jackal skeleton (D:4)
  A kobold (D:1)
  6 rats
65 creatures vanquished.

Notes
Turn   | Place    | Note
-------+----------+-------------------------------------------
     0 | D:1      | 4thArraOfDagon the Deep Elf Fire Elementalist began the quest for the Orb.
     0 | D:1      | Reached XP level 1. HP: 10/10 MP: 6/6
    91 | D:2      | Reached XP level 2. HP: 10/15 MP: 2/8
   179 | D:3      | Noticed a bullfrog
   185 | D:3      | Killed a bullfrog
   185 | D:3      | Reached XP level 3. HP: 7/19 MP: 0/10
   185 | D:3      | Reached XP level 4. HP: 9/24 MP: 0/11
   191 | D:3      | Learned a level 4 spell: Sticky Flame
   195 | D:3      | Learned a level 3 spell: Conjure Flame
   284 | D:4      | Found a sand-covered staircase.
   334 | Ossuary  | Entered an ossuary
   355 | Ossuary  | Reached XP level 5. HP: 19/28 MP: 0/13
   638 | D:5      | Entered Level 5 of the Dungeon
   735 | D:5      | Reached skill level 5 in Fire Magic
   875 | D:6      | Noticed a centaur
   895 | D:6      | Reached XP level 6. HP: 29/32 MP: 5/14
   910 | D:6      | Learned a level 5 spell: Fireball
   974 | D:6      | Noticed a hill giant
  1064 | D:7      | Reached skill level 5 in Conjurations
  1127 | D:7      | Found a shadowy altar of Dithmenos.
  1127 | D:7      | Found a hide-covered altar of Uskayaw.
  1148 | D:7      | Reached skill level 5 in Spellcasting
  1172 | D:7      | Reached XP level 7. HP: 24/36 MP: 2/16
  1398 | D:7      | Noticed a hill giant
  1448 | D:7      | jacquesderrida: DANGan
  1460 | D:7      | Killed a hill giant
  1460 | D:7      | Reached XP level 8. HP: 36/41 MP: 2/19
  1474 | D:7      | jacquesderrida: wew
  1589 | D:6      | Killed a hill giant
  1612 | D:6      | jacquesderrida: Burnt all the large mans
  1614 | D:6      | Slain by an iguana

Vault maps used:
D:1:      minmay_arrival_plants_in_alcoves
D:2:      old_standard_altar, grunt_qazlal_sundering
D:3:      gammafunk_temple_overflow_elements, first_bread,
          minmay_misc_feat_diagonals, uniq_robin
D:4:      nicolae_ossuary_entry_ruins, gup_sewer_entry_spiral
D:5:      serial_shops, nicolae_shop_trees, uniq_pikel
D:7:      kennysheep_slugbush, gammafunk_temple_overflow_wave
Ossuary:  ossuary_the_hunt_dpeg

Skill      XL: |  1  2  3  4  5  6  7  8 |
---------------+-------------------------+-----
Conjurations   | 2 3 4 5 7 8 |  8.2
Fire Magic     | 4 5 6 7 8 |  8.7
Spellcasting   | 4 5 6 7 |  7.2
Dodging        | |  2.4
Stealth        | |  2.4

Action                   |  1- 3 |  4- 6 |  7- 9 || total
-------------------------+-------+-------+-------++-------
Melee: Mace              |     2 |     2 |       ||     4
       Flail             |       |    36 |    19 ||    55
Throw: Throwing net      |       |     2 |       ||     2
 Cast: Flame Tongue      |    19 |    58 |    24 ||   101
       Sticky Flame      |       |     7 |     7 ||    14
       Conjure Flame     |       |     3 |     1 ||     4
       Fireball          |       |       |     1 ||     1
Evoke: Wand              |       |     3 |     9 ||    12
  Use: Scroll            |     1 |     6 |     1 ||     8
       Potion            |       |     4 |       ||     4
 Stab: Held in net/web   |       |     1 |       ||     1
  Eat: Chunk             |       |     3 |     1 ||     4
       Beef jerky        |       |       |     1 ||     1
Armor: Robe              |       |    18 |     7 ||    25
Dodge: Dodged            |     4 |    51 |    23 ||    78
